% Time on Ice - LOS ANGELES SEALS
Lines # - Real PCT - Wanted PCT - Time Play
Normal Forward
1 - 35% - 36% - 18:20
2 - 22% - 31% - 11:47
3 - 17% - 26% - 9:03
4 - 26% - 7% - 13:54
Normal Defense
1 - 36% - 36% - 19:19
2 - 31% - 31% - 16:29
3 - 26% - 23% - 13:45
4 - 7% - 10% - 3:31
PP Forward
1 - 52% - 55% - 1:02
2 - 48% - 45% - 0:57
PP Defense
1 - 52% - 55% - 1:02
2 - 48% - 45% - 0:57
PK Forward
1 - 72% - 55% - 2:52
2 - 28% - 45% - 1:07
PK Defense
1 - 56% - 55% - 2:14
2 - 44% - 45% - 1:45
PK3 Forward
1 - 0% - 55%
2 - 0% - 45%
PK3 Defense
1 - 0% - 55%
2 - 0% - 45%
44 Forward
1 - 0% - 55%
2 - 0% - 45%
44 Defense
1 - 0% - 55%
2 - 0% - 45%
Last Minute Offensive  - 0:58
Last Minute Defensive  - 0:00
Total
Forward - 60:00
Defense - 60:00
% Time on Ice - SACRAMENTO BANDITS
Lines # - Real PCT - Wanted PCT - Time Play
Normal Forward
1 - 35% - 36% - 18:48
2 - 31% - 31% - 16:14
3 - 22% - 23% - 11:44
4 - 12% - 10% - 6:18
Normal Defense
1 - 32% - 36% - 17:08
2 - 28% - 31% - 15:06
3 - 33% - 23% - 17:15
4 - 7% - 10% - 3:35
PP Forward
1 - 46% - 55% - 1:49
2 - 54% - 45% - 2:10
PP Defense
1 - 52% - 55% - 2:04
2 - 48% - 45% - 1:55
PK Forward
1 - 55% - 55% - 1:05
2 - 45% - 45% - 0:54
PK Defense
1 - 52% - 55% - 1:02
2 - 48% - 45% - 0:57
PK3 Forward
1 - 0% - 55%
2 - 0% - 45%
PK3 Defense
1 - 0% - 55%
2 - 0% - 45%
44 Forward
1 - 0% - 55%
2 - 0% - 45%
44 Defense
1 - 0% - 55%
2 - 0% - 45%
Last Minute Offensive  - 0:00
Last Minute Defensive  - 0:58
Total
Forward - 60:00
Defense - 60:00
Play-by-Play 1st period 0:01 of 1st period - Anze Kopitar wins face-off versus David Krejci in neutral zone. 0:38 of 1st period - Shot by Claude Giroux. 0:38 of 1st period - Shot Misses the Net. 1:12 of 1st period - Shot by Dylan Strome. 1:12 of 1st period - Shot Misses the Net. 2:03 of 1st period - Shot by Dominik Kubalik. 2:03 of 1st period - Shot Misses the Net. 2:15 of 1st period - Shot by Dominik Kubalik. 2:15 of 1st period - Stopped by Carter Hart with a rebound. 2:17 of 1st period - Shot by Janis Moser. 2:17 of 1st period - Shot Misses the Net. 3:00 of 1st period - Shot by Danil Gushchin. 3:00 of 1st period - Shot Misses the Net. 3:10 of 1st period - Shot by Nikita Kucherov. 3:10 of 1st period - Shot Misses the Net. 3:14 of 1st period - Shot by Nikita Kucherov. 3:14 of 1st period - Stopped by Marc-Andre Fleury without a rebound. 3:15 of 1st period - Nico Hischier wins face-off versus Dylan Strome in SACRAMENTO BANDITS zone. 3:20 of 1st period - Off-side. 3:21 of 1st period - Dylan Strome wins face-off versus Anze Kopitar in neutral zone. 3:21 of 1st period - Dylan Strome is hit by David Perron. 4:14 of 1st period - Off-side. 4:15 of 1st period - Nico Hischier wins face-off versus Nikita Kucherov in neutral zone. 4:28 of 1st period - Shot by Nico Hischier. 4:28 of 1st period - Shot Misses the Net. 5:14 of 1st period - Mason McTavish is hit by Mikhail Sergachev and loses puck. 5:28 of 1st period - Nick Bonino is hit by Mikhail Sergachev and loses puck. 5:37 of 1st period - Shot by Mason McTavish. 5:37 of 1st period - Stopped by Marc-Andre Fleury without a rebound. 5:38 of 1st period - Mikael Backlund wins face-off versus Eetu Luostarinen in SACRAMENTO BANDITS zone. 6:03 of 1st period - Shot by Jonathan Audy-Marchessault. 6:03 of 1st period - Stopped by Marc-Andre Fleury without a rebound. 6:04 of 1st period - David Krejci wins face-off versus Anze Kopitar in SACRAMENTO BANDITS zone. 6:10 of 1st period - Claude Giroux is hit by Marc-Edouard Vlasic and loses puck. 6:29 of 1st period - Shot by Nikita Kucherov. 6:29 of 1st period - Shot Blocked by Marc-Edouard Vlasic. 7:02 of 1st period - Brandon Carlo is hit by Anze Kopitar and loses puck. 7:56 of 1st period - Shot by Nick Bonino. 7:56 of 1st period - Shot Misses the Net. 8:24 of 1st period - Shot by Noah Dobson. 8:24 of 1st period - Stopped by Marc-Andre Fleury without a rebound. 8:25 of 1st period - David Krejci wins face-off versus Christian Fischer in SACRAMENTO BANDITS zone. 8:38 of 1st period - Shot by David Krejci. 8:38 of 1st period - Stopped by Marc-Andre Fleury without a rebound. 8:39 of 1st period - Nico Hischier wins face-off versus Dylan Strome in SACRAMENTO BANDITS zone. 8:39 of 1st period - Nico Hischier is hit by Dylan Strome. 9:01 of 1st period - Shot by Nico Hischier. 9:01 of 1st period - Goal by Nico Hischier - LOS ANGELES SEALS : 0 - SACRAMENTO BANDITS : 1. 9:02 of 1st period - Anze Kopitar wins face-off versus David Krejci in neutral zone. 9:08 of 1st period - Icing by Brandon Carlo. 9:09 of 1st period - David Krejci wins face-off versus Sam Reinhart in LOS ANGELES SEALS zone. 9:20 of 1st period - Shot by Nikita Kucherov. 9:20 of 1st period - Stopped by Marc-Andre Fleury with a rebound. 9:22 of 1st period - Shot by Claude Giroux. 9:22 of 1st period - Stopped by Marc-Andre Fleury with a rebound. 9:31 of 1st period - Nikita Kucherov is hit by Brent Burns and loses puck. 10:28 of 1st period - Dylan Strome is hit by Marc-Edouard Vlasic and loses puck. 11:52 of 1st period - Icing by Noah Dobson. 11:53 of 1st period - Mason McTavish wins face-off versus Christian Fischer in LOS ANGELES SEALS zone. 12:08 of 1st period - Nick Bonino is hit by Danil Gushchin and loses puck. 12:26 of 1st period - Icing by Ben Chiarot. 12:27 of 1st period - Anze Kopitar wins face-off versus Mason McTavish in LOS ANGELES SEALS zone. 12:28 of 1st period - Shot by David Perron. 12:28 of 1st period - Shot Misses the Net. 12:30 of 1st period - Shot by Janis Moser. 12:30 of 1st period - Stopped by Carter Hart without a rebound. 12:31 of 1st period - Mikael Backlund wins face-off versus Eetu Luostarinen in LOS ANGELES SEALS zone. 12:50 of 1st period - Shot by Mikael Backlund. 12:50 of 1st period - Shot Misses the Net. 13:32 of 1st period - David Perron is hit by Nikita Kucherov and loses puck. 13:48 of 1st period - Shot by Nikita Kucherov. 13:48 of 1st period - Goal by Nikita Kucherov - LOS ANGELES SEALS : 1 - SACRAMENTO BANDITS : 1. 13:49 of 1st period - David Krejci wins face-off versus Christian Fischer in neutral zone. 15:04 of 1st period - Icing by Jake Evans. 15:05 of 1st period - Nico Hischier wins face-off versus Mason McTavish in LOS ANGELES SEALS zone. 15:06 of 1st period - Shot by Patrick Kane. 15:06 of 1st period - Stopped by Carter Hart without a rebound. 15:07 of 1st period - Mikael Backlund wins face-off versus Nico Hischier in LOS ANGELES SEALS zone. 15:44 of 1st period - Mikael Backlund is hit by Nico Hischier and loses puck. 15:51 of 1st period - Nico Hischier is hit by Jonathan Audy-Marchessault. 16:12 of 1st period - Minor Penalty to Sam Reinhart for Hooking. 16:13 of 1st period - Claude Giroux wins face-off versus Eetu Luostarinen in SACRAMENTO BANDITS zone. 18:15 of 1st period - Shot by Nick Bonino. 18:15 of 1st period - Stopped by Marc-Andre Fleury without a rebound. 18:16 of 1st period - Christian Fischer wins face-off versus Mason McTavish in SACRAMENTO BANDITS zone. 18:16 of 1st period - Christian Fischer is hit by Jake Evans. 19:31 of 1st period - Shot by Nikita Kucherov. 19:31 of 1st period - Shot Blocked by Danil Gushchin. 19:35 of 1st period - Shot by Nikita Kucherov. 19:35 of 1st period - Goal by Nikita Kucherov - LOS ANGELES SEALS : 2 - SACRAMENTO BANDITS : 1. 19:36 of 1st period - Dylan Strome wins f